 Dungeon Crawl Stone Soup version 0.22-a0-803-gd6d8abe (console) character file.

127 removed the Magician (level 4, 23/23 HPs)
             Began as a Deep Elf Wanderer on July 22, 2018.
             Quit the game on level 3 of the Dungeon.
             The game lasted 00:08:52 (3276 turns).

removed the Magician (Deep Elf Wanderer)            Turns: 3276, Time: 00:08:53

Health: 23/23      AC:  6    Str:  6    XL:     4   Next: 85%
Magic:  11/12      EV: 12    Int: 20    God:
Gold:   66         SH:  0    Dex: 15    Spells: 9/11 levels left

rFire    . . .     SeeInvis .   b - +0 falchion
rCold    + + .     Gourm    .   (no shield)
rNeg     . . .     Faith    .   a - +2 leather armour
rPois    .         Spirit   +   (no helmet)
rElec    .         Reflect  .   r - scarf {Spirit}
rCorr    .         Harm     .   (no gloves)
MR       .....                  j - +0 pair of boots
Stlth    ++........             (no amulet)
HPRegen  0.07/turn              m - ring of protection from cold
MPRegen  0.13/turn              (no ring)

@: no status effects
A: cold resistance 1, frail 1
a: no special abilities


You were on level 3 of the Dungeon.
You were not hungry.

You visited 1 branch of the dungeon, and saw 3 of its levels.

You collected 66 gold pieces.

Inventory:

Hand Weapons
 b - a +0 falchion (weapon)
Missiles
 e - 47 arrows
Armour
 a - a +2 leather armour (worn)
 j - a +0 pair of boots (worn)
 r - a scarf of spirit shield (worn)
 t - a +0 leather armour of magic resistance
Jewellery
 m - a ring of protection from cold (left hand)
Scrolls
 f - 3 scrolls of identify {unknown}
 h - a scroll of immolation {unknown}
 l - a scroll of magic mapping {unknown}
 o - 2 scrolls of teleportation {unknown}
Potions
 i - a potion of cancellation
 p - a potion of curing {unknown}
Comestibles
 d - 4 rations
 q - a chunk of flesh


   Skills:
 - Level 1.7 Fighting
 - Level 1.7 Long Blades
 - Level 1.0 Throwing
 - Level 2.4 Dodging
 - Level 1.2 Stealth
 + Level 4.4 Spellcasting
 - Level 3.1 Transmutations
   Level 1.1 Fire Magic


You had 9 spell levels left.
You knew the following spells:

 Your Spells              Type           Power        Failure   Level  Hunger
a - Sticks to Snakes      Tmut           ###.....     8%          2    #......

Your spell library contained the following spells:

 Spells                   Type           Power        Failure   Level  Hunger
 Passwall                 Tmut/Erth      ##......     16%         2    #......


Dungeon Overview and Level Annotations

Branches:
Dungeon (3/15)

Altars:
Makhleb

Annotations:
D:1 exclusion: downstairs


Innate Abilities, Weirdness & Mutations

Your flesh is cold resistant. (rC+)
You are frail. (-10% HP)


Message History

The adder closely misses you. The adder misses you.
You miss the adder.
The adder is severely wounded.
The adder bites you but does no damage.
You hit the adder but do no damage.
The adder is severely wounded.
The adder closely misses you. The adder barely misses you.
You miss the adder.
The adder is severely wounded.
The adder bites you but does no damage. x2
You hit the adder.
The adder is almost dead.
The adder closely misses you.
You hit the adder.
You kill the adder!
You feel extremely strange.
Your large bone plates disappear.
Your vision sharpens.
Your iridescent scales disappear.
You feel frail.
You feel resistant to cold.
Your magical contamination has completely faded away.
Are you sure you want to abandon this character and quit the game? (Confirm with "yes".)

...... ########.#### ...#.
. ............. .....
#.########...... ....
.....###.).#)... #..##
#$##.#...###.... .. #...#
#.##............
#.###.#.###.##...####.....
......#...#...........####
........$@......#######
.............####
..............###
$..........#.......
...................
...........#.####.#
.......)...#..# ..
..........###.# .
..<........# .#


There were no monsters in sight!

Vanquished Creatures
  2 gnolls (D:2)
  2 adders
  2 oozes (D:1)
  3 dart slugs (D:1)
  An orc (D:3)
  6 bats
  5 hobgoblins
  2 jackals (D:1)
  A ball python (D:3)
  2 frilled lizards (D:1)
  7 goblins
  4 kobolds (D:2)
  A rat (D:1)
38 creatures vanquished.

Vanquished Creatures (collateral kills)
  4 adders
  2 gnolls (D:2)
  A leopard gecko (D:2)
  A bat (D:2)
  A hobgoblin (D:1)
  A rat (D:2)
10 creatures vanquished.

Grand Total: 48 creatures vanquished

Notes
Turn   | Place    | Note
-------+----------+-------------------------------------------
     0 | D:1      | removed the Deep Elf Wanderer began the quest for the Orb.
     0 | D:1      | removed set off with: a +2 leather armour, a +0 falchion, a ration
     0 | D:1      | Reached XP level 1. HP: 12/12 MP: 5/5
   267 | D:1      | Reached XP level 2. HP: 17/17 MP: 6/6
   272 | D:1      | Learned a level 2 spell: Sticks to Snakes
   336 | D:1      | Reached skill level 2 in Spellcasting
   719 | D:1      | Reached skill level 3 in Spellcasting
   904 | D:1      | Reached XP level 3. HP: 20/21 MP: 9/9
  1876 | D:2      | Gained mutation: Scrolls take you a little longer to read. [potion of mutation]
  1876 | D:2      | Gained mutation: You are partially covered in large bone plates. (SH +4) [potion of mutation]
  1876 | D:2      | Gained mutation: You are partially covered in iridescent scales. (AC +2) [potion of mutation]
  1876 | D:2      | Reached XP level 4. HP: 5/26 MP: 6/10
  2358 | D:2      | Found a burning altar of Makhleb.
  2358 | D:2      | Noticed a cacodemon
  2942 | D:2      | Reached skill level 4 in Spellcasting
  3275 | D:3      | Lost mutation: You are partially covered in large bone plates. (SH +4) [potion of mutation]
  3275 | D:3      | Lost mutation: Scrolls take you a little longer to read. [potion of mutation]
  3275 | D:3      | Lost mutation: You are partially covered in iridescent scales. (AC +2) [potion of mutation]
  3275 | D:3      | Gained mutation: You are frail. (-10% HP) [potion of mutation]
  3275 | D:3      | Gained mutation: Your flesh is cold resistant. (rC+) [potion of mutation]
  3276 | D:3      | Quit the game

Vault maps used:
D:1:      ncdulo_halloftheorcs, minmay_misc_feat_five, minivault_27, hex_large
D:2:      makhleb_altar_promises_db, serial_curves, eino_curves_03,
          eino_curves_02
D:3:      lemuel_crystal_altar

Skill      XL: |  1  2  3  4 |
---------------+-------------+-----
Dodging        | 2 |  2.4
Spellcasting   | 3 4 |  4.4
Transmutations | 3 |  3.1
Fighting       | |  1.7
Long Blades    | |  1.7
Throwing       | |  1.0
Stealth        | |  1.2
Fire Magic     | |  1.1

Action                   |  1- 3 |  4- 6 || total
-------------------------+-------+-------++-------
Melee: Falchion          |   123 |    72 ||   195
 Cast: Sticks to Snakes  |    10 |     8 ||    18
  Use: Potion            |     2 |     1 ||     3
 Stab: Sleeping          |     1 |       ||     1
       Distracted        |       |     1 ||     1
  Eat: Chunk             |     4 |     1 ||     5
       Ration            |       |     1 ||     1
Armor: Leather armour    |    51 |    32 ||    83
Dodge: Dodged            |   112 |    54 ||   166
Block: Other             |       |    20 ||    20
       Rpst.: Falchion   |    30 |    14 ||    44

Table legend:
 A = Spawn XP
 B = Non-spawn XP
 C = Spawn XP percentage of total XP
 D = Spawn monster count
 E = Non-spawn monster count
 F = Spawn count percentage of total count
 G = Total turns spent on level
                    A         B        C        D         E        F      G
               +---------+---------+-------+---------+---------+-------+---------
         Total |       0 |     182 |   0.0 |       0 |      48 |   0.0 |  3276
               +---------+---------+-------+---------+---------+-------+---------
           D:1 |       0 |      52 |   0.0 |       0 |      17 |   0.0 |  1509
           D:2 |       0 |     107 |   0.0 |       0 |      25 |   0.0 |  1656
           D:3 |       0 |      23 |   0.0 |       0 |       6 |   0.0 |   111
               +---------+---------+-------+---------+---------+-------+---------
